 Dungeon Crawl Stone Soup version 0.29-a0-551-gffc1d7fb78 (webtiles) character file.

Game seed: 3721672754835293331

1 Hubjo the Magician (level 1, -2/16 HPs)
             Began as a Demonspawn Wanderer on June 5, 2022.
             Frozen to death by an endoplasm (4 damage)
             ... on level 1 of the Dungeon.
             The game lasted 00:00:50 (313 turns).

Hubjo the Magician (Demonspawn Wanderer)             Turns: 313, Time: 00:00:51

Health: -2/16      AC:  2    Str: 10    XL:     1   Next: 16%
Magic:  5/5        EV: 11    Int: 16    God:
Gold:   0          SH:  0    Dex: 11    Spells: 8/8 levels left

rFire   . . .      SeeInvis .   a - +0 dagger
rCold   . . .      Faith    .   (no shield)
rNeg    . . .      Spirit   .   c - +0 robe
rPois   .          Reflect  .   (no helmet)
rElec   .          Harm     .   (no cloak)
rCorr   .          Rampage  .   (no gloves)
Will    .....                   (no boots)
Stlth   +.........              (no amulet)
HPRegen 0.05/turn               (no ring)
MPRegen 0.09/turn               (no ring)

@: no status effects
A: no striking features
a: no special abilities


You were on level 1 of the Dungeon.
You visited 1 branch of the dungeon, and saw 1 of its levels.

Inventory:

Hand Weapons
 a - a +0 dagger (weapon)
Armour
 c - a +0 robe (worn)
Scrolls
 d - a scroll of teleportation
 e - a scroll of acquirement {unknown}
Potions
 b - a potion of curing


   Skills:
 + Level 2.0 Fighting
 + Level 0.1 Stealth
 - Level 4.0 Spellcasting
 + Level 2.7 Translocations


You had 8 spell levels left.
You didn't know any spells.
Your spell library contained the following spells:

 Spells                   Type           Power      Damage    Failure   Level
 Apportation              Tloc           22%        N/A       5%          1
 Freeze                   Ice            12%        1d4       17%         1
 Gell's Gravitas          Tloc           11%        N/A       17%         3
 Call Imp                 Summ           3%         N/A       26%         2
 Scorch                   Fire           6%         2d5       26%         2
 Call Canine Familiar     Summ           3%         N/A       45%         3


Dungeon Overview and Level Annotations

Branches:
Dungeon (1/15)

Altars:


Message History

You see here a hobgoblin corpse.
You see here 12 stones.
Key pressed, stopping explore.
HP restored.
An endoplasm comes into view.
An endoplasm is nearby!
An endoplasm is nearby!
An endoplasm is nearby!
The endoplasm quivers.
The endoplasm freezes you.
You are frozen.
You barely miss the endoplasm. The endoplasm freezes you.
You are frozen.
You hit the endoplasm.
You punch the endoplasm, but do no damage.
The endoplasm is moderately wounded.
The endoplasm freezes you.
You are frozen.
You barely miss the endoplasm.
The endoplasm is moderately wounded.
The endoplasm hits you but does no damage.
You hit the endoplasm.
The endoplasm is heavily wounded.
The endoplasm freezes you.
You are frozen.
You barely miss the endoplasm.
The endoplasm is heavily wounded.
The endoplasm freezes you.
You are frozen.
* * * LOW HITPOINT WARNING * * *
You hit the endoplasm but do no damage.
The endoplasm is heavily wounded.
The endoplasm hits you.
* * * LOW HITPOINT WARNING * * *
You hit the endoplasm but do no damage.
The endoplasm is heavily wounded.
The endoplasm freezes you.
You are frozen.
You die...

#.######.######
#รท# #.# #.#
#(# #.# #.#
#.######.#
#..J@....#
#.########


You could see an endoplasm.

Vanquished Creatures
  A hobgoblin (D:1)
1 creature vanquished.

Notes
Turn   | Place    | Note
-------+----------+-------------------------------------------
     0 | D:1      | Hubjo the Demonspawn Wanderer began the quest for the Orb.
     0 | D:1      | Hubjo set off with the following items: a +0 dagger, a
                  | potion of curing, a +0 robe, a scroll of teleportation; and
                  | the following spells available to memorise: Apportation,
                  | Freeze, Gell's Gravitas, Call Imp, Scorch, Call Canine
                  | Familiar
     0 | D:1      | Reached XP level 1. HP: 16/16 MP: 5/5
   313 | D:1      | Frozen to death by an endoplasm

Illustrated notes

Levels and vault maps discovered:
D:1:      giann_horns, layout_loops_ring, hellmonk_ecumenical_altar_crossroads

Action                   || total
-------------------------++-------
Melee: Dagger            ||    27
       Punch             ||     1
Armor: Robe              ||     3
Dodge: Dodged            ||    11

Table legend: (Time is in decaauts)
 A = Elapsed time spent in this place.
 B = Non-inter-level travel time spent in this place.
 C = Inter-level travel time spent in this place.
 D = Time resting spent in this place.
 E = Time spent auto-exploring this place.
 F = Levels seen in this place.
 G = Mean time per level.
                   A        B        C        D        E       F      G
               +--------+--------+--------+--------+--------+-----+--------+
         Total |    313 |    313 |      0 |      0 |    275 |   1 |  313.0 |
       Dungeon |    313 |    313 |      0 |      0 |    275 |   1 |  313.0 |
               +--------+--------+--------+--------+--------+-----+--------+

Top non-repeatable levels by time:
     D:1: 313 daAuts
